 Dungeon Crawl Stone Soup version 0.30-a0-652-gcc886f7154 (webtiles) character file.

Game seed: 11006929958189324344

1572 Dirtsage the Changer (level 8, -5/57 HPs)
             Began as an Octopode Transmuter on Jan 17, 2023.
             Was a Follower of the Shining One.
             Slain by an ogre
             ... wielding a +0 giant club
              (22 damage)
             ... on level 6 of the Dungeon.
             The game lasted 00:16:17 (6326 turns).

Dirtsage the Changer (Octopode Transmuter)          Turns: 6326, Time: 00:16:17

Health: -5/57      AC:  8    Str:  9    XL:     8   Next: 90%
Magic:  6/11       EV: 10    Int: 17    God:    the Shining One [*.....]
Gold:   310        SH:  0    Dex: 13    Spells: 0/11 levels left

rFire   . . .      SeeInvis .      - Unarmed
rCold   + + +      Faith    .    (shield currently unavailable)
rNeg    . . .      Spirit   .    (helmet currently unavailable)
rPois   +          Reflect  .    (no amulet)
rElec   .          Harm     .    I - ring of protection from cold
rCorr   .          Rampage  .    g - ring of fire
Will    .....                    (no ring)
Stlth   +                        (no ring)
HPRegen 0.29/turn                (no ring)
MPRegen 0.12/turn                (no ring)
                                 (no ring)
                                 (no ring)

@: ice-form, wereblooded, glowing
A: freezing attack, boosted hp, almost no armour, amphibious, 8 rings, large,
(camouflage 1), (gelatinous body 1), (nimble swimmer 1), (tentacles)
a: End Transformation, Renounce Religion, Divine Shield


You were on level 6 of the Dungeon.
You worshipped the Shining One.
The Shining One was aware of your devotion.
You were a creature of crystalline ice.
You visited 2 branches of the dungeon, and saw 7 of its levels.
You also visited: Sewer.

You collected 310 gold pieces.

Inventory:

Missiles
 c - 4 curare-tipped darts
Jewellery
 g - a ring of fire (right front paw)
 I - a ring of protection from cold (left front paw)
Wands
 k - a wand of roots (6)
 l - a wand of paralysis (6)
 p - a wand of mindburst (30)
 s - a wand of acid (2)
Scrolls
 d - a scroll of vulnerability
 i - 2 scrolls of poison
 j - a scroll of immolation
 n - 2 scrolls of amnesia
 o - 2 scrolls of torment
 r - a scroll of enchant weapon
 t - 3 scrolls of teleportation
 B - a scroll of blinking
Potions
 a - a potion of lignification
 b - 2 potions of mutation {unknown}
 e - 2 potions of degeneration {unknown}
 f - a potion of attraction {unknown}
 h - 2 potions of heal wounds {unknown}
 m - a potion of cancellation {unknown}
 q - 3 potions of curing
 u - 2 potions of brilliance {unknown}
 v - 2 potions of flight {unknown}


   Skills:
 - Level 1.0 Fighting
 - Level 2.0 Dodging
 - Level 3.0 Unarmed Combat
 - Level 2.0 Spellcasting
 * Level 1.3 Conjurations
 * Level 7.7 Transmutations
 * Level 7.4 Ice Magic
 * Level 1.3 Air Magic


You couldn't memorise any spells.
You knew the following spells:

 Your Spells              Type           Power      Damage    Failure   Level
a - Ice Form              Ice/Tmut       27%        N/A       9%          4
b - Wereblood             Tmut           28%        N/A       1%          2
c - Freezing Cloud        Conj/Ice/Air   6%         6-21      80%         5

Your spell library contained the following spells:

 Spells                   Type           Power      Damage    Failure   Level
 Beastly Appendage        Tmut           56%        N/A       1%          1
 Ensorcelled Hibernation  Hex/Ice        28%        N/A       6%          2
 Spider Form              Tmut/Pois      14%        N/A       12%         3
 Apportation              Tloc           2%         N/A       19%         1
 Necrotise                Necr           4%         1d4       19%         1
 Summon Small Mammal      Summ           4%         N/A       19%         1
 Ignite Poison            Fire/Tmut/Pois 15%        N/A       21%         3
 Poisonous Vapours        Pois/Air       6%         N/A       22%         2
 Cigotuvi's Dreadful Rot  Necr/Pois/Air  6%         N/A       24%         2
 Mephitic Cloud           Conj/Pois/Air  4%         N/A       38%         3
 Kindle Blastsparks       Fire/Tloc/Air  8%         2d10      43%         3
 Inner Flame              Hex/Fire       2%         N/A       50%         3
 Flame Wave               Conj/Fire      5%         2d5       83%         4
 Sticky Flame             Conj/Fire      5%         2d3       83%         4
 Anguish                  Hex/Necr       0%         N/A       88%         4


Dungeon Overview and Level Annotations

Branches:
Dungeon (6/15)             Temple (1/1) D:6           Sewer (visited)

Altars:
Fedhas
Hepliaklqana
Okawaru
Ru
Zin
The Shining One

Shops:
D:2 [


Innate Abilities, Weirdness & Mutations

You are a creature of crystalline ice.
You have a powerful freezing melee attack.
Your maximum health is increased.
Your armour is entirely melded.
You are incapable of wielding weapons or throwing items.
You cannot wear most types of armour.
You are amphibious.
You can wear up to eight rings at the same time.
((Your skin changes colour to match your surroundings (Stealth+).))
((Your rubbery body absorbs attacks. (AC +1, EV +1)))
((You are camouflaged when in or above water. (Stealth+)))
((You have tentacles for arms and can constrict up to eight enemies at once.))


Message History

There is an open door here.
You warm up again.
You open the door.
There is an open door here.
You open the door.
There is an open door here.
You open the door.
There is an open door here.
You open the door.
An ogre comes into view. It is wielding a +0 giant club.
The ogre shouts!
An adder comes into view.
There is an open door here.
You now have 48/48 hp.
Casting: Ice Form (dangerous; 9% risk of failure)
Confirm with . or Enter, or press ? or * to list all spells.
You turn into a creature of crystalline ice.
The adder hisses angrily.
Health restored: 57 You now have 7/11 mp.
Casting: Ice Form (dangerous; 9% risk of failure)
Confirm with . or Enter, or press ? or * to list all spells.
Your blood is infused with primal strength.
You now have 5/11 mp.
There is an open door here.
You swing at nothing.
You completely miss the ogre.
The ogre hits you with a +0 giant club!!
You take 28 damage, and have 29/57 hp.
MASSIVE DAMAGE!!
You hit the ogre. You freeze the ogre.
The ogre is moderately wounded.
The ogre hits you with a +0 giant club!
* * * LOW HITPOINT WARNING * * *
You take 12 damage, and have 17/57 hp.
MASSIVE DAMAGE!!
You hit the ogre. You freeze the ogre.
The ogre is moderately wounded.
You punch the ogre! You freeze the ogre.
The ogre is severely wounded.
The ogre hits you with a +0 giant club!!
You die...

. ##........ ##########
.........# ...........#
.........# #...........'
......... #...........#
.........#####..........)#
........##.#.....# #.....
........#..#.....+ #.....
.......SOY.'.....# +.....
........####.....# #.....
..##+###.........#..#.....
#....###'##..##'##.
#....#....#......##
#....#...##..##....
#....###'##..##..##
#######..##..######
................##


You could see an ogre and an adder.

Vanquished Creatures
  Maggie (D:6)
  A water moccasin (D:6)
  2 ogres
  A centaur (D:5)
  A bullfrog (D:6)
  A gnoll sergeant (D:5)
  2 necrophages (D:6)
  A scorpion (D:5)
  A gnoll bouda (D:4)
  2 hounds
  2 jellies
  2 orc priests
  3 orc wizards
  9 gnolls
  4 river rats (Sewer)
  10 adders
  A white imp (D:6)
  2 worms
  3 dart slugs
  17 orcs
  6 endoplasms
  A giant cockroach (D:1)
  7 goblins
  4 hobgoblins
  6 jackals
  7 kobolds
  4 quokkas
  13 ball pythons
  5 bats
  10 frilled lizards
  3 rats
132 creatures vanquished.

Vanquished Creatures (others)
  4 plants
4 creatures vanquished.

Grand Total: 136 creatures vanquished

Notes
Turn   | Place    | Note
-------+----------+-------------------------------------------
     0 | D:1      | Dirtsage the Octopode Transmuter began the quest for the
                  | Orb.
     0 | D:1      | Reached XP level 1. HP: 13/13 MP: 3/3
   135 | D:1      | Found a faded altar of an unknown god.
   168 | D:1      | Reached skill level 1 in Ice Magic
   168 | D:1      | Reached XP level 2. HP: 14/18 MP: 5/5
   459 | D:1      | Learned a level 2 spell: Wereblood
   585 | D:1      | Reached XP level 3. HP: 23/23 MP: 2/6
  1232 | D:2      | Found Farock's Armour Shoppe.
  1572 | D:2      | Reached XP level 4. HP: 23/28 MP: 5/7
  1595 | D:2      | Learned a level 4 spell: Ice Form
  1919 | D:3      | Found an iron altar of Okawaru.
  1992 | D:3      | Found a glowing golden altar of the Shining One.
  2004 | D:3      | Became a worshipper of the Shining One
  2054 | D:3      | Found a glowing silver altar of Zin.
  2230 | D:3      | Found a sacrificial altar of Ru.
  2324 | D:3      | Found a hazy altar of Hepliaklqana.
  2419 | D:3      | Found a blossoming altar of Fedhas.
  2608 | D:3      | Reached XP level 5. HP: 16/33 MP: 2/8
  3056 | D:4      | Reached XP level 6. HP: 18/38 MP: 6/9
  3435 | D:5      | Entered Level 5 of the Dungeon
  3535 | D:5      | Reached skill level 5 in Transmutations
  3712 | D:5      | Reached XP level 7. HP: 35/43 MP: 10/10
  3770 | D:5      | Reached skill level 5 in Ice Magic
  3772 | D:5      | HP: 2/51 [gnoll/+0 club[a gnoll sergeant] (2)]
  4916 | D:6      | Found a staircase to the Ecumenical Temple.
  4926 | Temple   | Entered the Ecumenical Temple
  4936 | D:6      | Noticed Maggie
  4941 | D:6      | Reached XP level 8. HP: 48/48 MP: 7/11
  4948 | D:6      | Killed Maggie
  5111 | D:6      | Reached * piety under the Shining One
  5298 | D:6      | Found a glowing drain.
  5310 | Sewer    | Entered a sewer
  5412 | Sewer    | Learned a level 5 spell: Freezing Cloud
  6095 | D:6      | Reached skill level 1 in Conjurations
  6095 | D:6      | Reached skill level 1 in Air Magic
  6326 | D:6      | Slain by an ogre

Illustrated notes

Levels and vault maps discovered:
D:1:      dpeg_arrival_stone_temple_mockup, layout_basic,
          basic_ecumenical_altar, serial_forest, infiniplex_forest_zigzag_2,
          infiniplex_forest_clump_long, infiniplex_forest_end_3,
          infiniplex_forest_clump_cross, infiniplex_forest_clump_double,
          infiniplex_forest_corner_1, infiniplex_forest_straight_2,
          infiniplex_forest_clump_medium
D:2:      layout_loops_ring, serial_shops, nicolae_shop_stone
D:3:      layout_basic, mainiacjoe_overflow_boulevard,
          mainiacjoe_overflow_catwalk, fedhas_altar_fruit_tree,
          mainiacjoe_overflow_catwalk_spiral, nzn_hepliaklqana_mist_gate
D:4:      layout_gridville
D:5:      layout_basic, hangedman_decor_riveting
D:6:      layout_gridville, minmay_temple_entry_gardened_gates,
          portal_sewer_entry_d, uniq_maggie
Temple:   pf_slime_end_temple

Skill      XL: |  1  2  3  4  5  6  7  8 |
---------------+-------------------------+-----
Ice Magic      | 1 2 3 4 6 7 |  7.4
Transmutations | 3 4 5 6 7 |  7.7
Conjurations   | 1 |  1.3
Air Magic      | 1 |  1.3
Fighting       | |  1.0
Dodging        | |  2.0
Unarmed Combat | |  3.0
Spellcasting   | |  2.0

Action                   |  1- 3 |  4- 6 |  7- 9 || total
-------------------------+-------+-------+-------++-------
Melee: Unarmed           |    81 |    93 |   130 ||   304
       Constrict         |    25 |     6 |     5 ||    36
       Kick              |    16 |     6 |       ||    22
       Tentacles         |    14 |     7 |     3 ||    24
       Punch             |     1 |       |     1 ||     2
 Cast: Beastly Appendage |    17 |     4 |       ||    21
       Wereblood         |     2 |     6 |     7 ||    15
       Ice Form          |       |     9 |    18 ||    27
Evoke: Wand              |       |       |     3 ||     3
  Use: Scroll            |       |     1 |    11 ||    12
       Potion            |       |       |     1 ||     1
 Stab: Sleeping          |    10 |     1 |       ||    11
Armor: Skin              |     7 |    18 |    28 ||    53
Dodge: Dodged            |    56 |    43 |    54 ||   153

Table legend: (Time is in decaauts)
 A = Elapsed time spent in this place.
 B = Non-inter-level travel time spent in this place.
 C = Inter-level travel time spent in this place.
 D = Time resting spent in this place.
 E = Time spent auto-exploring this place.
 F = Levels seen in this place.
 G = Mean time per level.
                   A        B        C        D        E       F      G
               +--------+--------+--------+--------+--------+-----+--------+
         Total |   6306 |   5958 |    348 |    302 |   4655 |   8 |  788.2 |
       Dungeon |   5735 |   5387 |    348 |    202 |   4319 |   6 |  955.8 |
        Temple |      1 |      1 |      0 |      0 |      0 |   1 |    1.0 |
         Sewer |    568 |    568 |      0 |    100 |    336 |   1 |  568.0 |
               +--------+--------+--------+--------+--------+-----+--------+

Top non-repeatable levels by time:
     D:5: 1357 daAuts
     D:1: 1227 daAuts
     D:6: 953 daAuts
     D:4: 774 daAuts
     D:3: 739 daAuts
     D:2: 682 daAuts
   Sewer: 568 daAuts
  Temple: 1 daAuts
